 Dungeon Crawl Stone Soup version 0.30-a0-54-g2e61a25929 (webtiles) character file.

Game seed: 1748855605920572262

71 IdlyInterested the Shield-Bearer (level 4, -5/35 HPs)
             Began as a Formicid Fighter on Sept 8, 2022.
             Slain by a gnoll
             ... wielding a +0 flail
              (10 damage)
             ... on level 3 of the Dungeon.
             The game lasted 00:05:18 (2380 turns).

IdlyInterested the Shield-Bearer (Formicid Fighter) Turns: 2380, Time: 00:05:19

Health: -5/35      AC:  6    Str: 20    XL:     4   Next: 47%
Magic:  4/4        EV:  9    Int:  8    God:
Gold:   125        SH:  6    Dex: 15    Spells: 3/3 levels left

rFire   . . .      SeeInvis +    a - +0 rapier
rCold   . . .      Faith    .    c - +1 buckler
rNeg    . . .      Spirit   .    b - +0 scale mail
rPois   .          Reflect  .    (helmet unavailable)
rElec   .          Harm     .    (no cloak)
rCorr   .          Rampage  .    (no gloves)
Will    .....                    (no boots)
Stlth   +.........               (no amulet)
HPRegen 0.11/turn                (no ring)
MPRegen 0.09/turn                (no ring)

@: mighty
A: permanent stasis, dig shafts and tunnels, antennae 3, four strong arms
a: Dig, Shaft Self


You were on level 3 of the Dungeon.
You visited 1 branch of the dungeon, and saw 3 of its levels.

You collected 125 gold pieces.

Inventory:

Hand Weapons
 a - a +0 rapier (weapon)
Missiles
 e - 21 stones (quivered)
 j - a throwing net
Armour
 b - a +0 scale mail (worn)
 c - a +1 buckler (worn)
Magical Staves
 g - a staff of conjuration
Jewellery
 h - a ring of ice
Potions
 d - a potion of might


   Skills:
 - Level 3.2 Fighting
 * Level 3.8 Short Blades
 + Level 0.1 Throwing
 - Level 3.2 Armour
 - Level 2.0 Stealth
 - Level 4.0 Shields
 - Level 1.0 Evocations


You had 3 spell levels left.
You didn't know any spells.
Your spell library contained the following spells:

 Spells                   Type           Power      Damage    Failure   Level
 Animate Dead             Necr           0%         N/A       100%        4
 Haunt                    Necr/Summ      0%         N/A       100%        7
 Infestation              Necr           0%         N/A       100%        8


Dungeon Overview and Level Annotations

Branches:
Dungeon (3/15)

Altars:


Innate Abilities, Weirdness & Mutations

You cannot be hasted, slowed, berserked, paralysed or teleported.
You can dig through walls and to a lower floor.
You have a pair of large antennae on your head. (SInv)
Your four strong arms can wield two-handed weapons with a shield.


Message History

The gnoll is heavily wounded.
The gnoll closely misses you.
You hit the gnoll but do no damage.
The gnoll is heavily wounded.
The gnoll hits you with a +0 flail.
You hit the gnoll.
The gnoll is severely wounded.
The gnoll hits you with a +0 flail!
* * * LOW HITPOINT WARNING * * *
You feel better. The gnoll hits you with a +0 flail.
You feel very mighty all of a sudden.
A gnoll comes into view.
It is wielding a +0 club and quivering silver javelins.
The gnoll hits you with a +0 flail.
* * * LOW HITPOINT WARNING * * *
You completely miss the gnoll. The gnoll closely misses you. x2
You hit the gnoll.
The gnoll is lightly wounded.
You block the gnoll's attack. The gnoll barely misses you.
You barely miss the gnoll.
The gnoll is lightly wounded.
The gnoll closely misses you. You block the gnoll's attack.
You hit the gnoll.
The gnoll is heavily wounded.
You block the gnoll's attack. The gnoll barely misses you.
You completely miss the gnoll.
The gnoll is heavily wounded.
You block the gnoll's attack. The gnoll closely misses you.
You barely miss the gnoll.
The gnoll is heavily wounded.
The gnoll hits you with a +0 club.
* * * LOW HITPOINT WARNING * * *
The gnoll hits you with a +0 flail.
* * * LOW HITPOINT WARNING * * *
You feel better. The gnoll closely misses you.
The gnoll hits you with a +0 club.
* * * LOW HITPOINT WARNING * * *
You barely miss the gnoll.
The gnoll is heavily wounded.
The gnoll hits you with a +0 flail!
You die...

.#.#.#.#.#.#l#.##.#
.#.#.#.#.#.#.#.#.#[###
#.#.#.#.#.#.#.#.#....
#.#.#.#.#.#.#.#.#.#####
#O#.#.#.#.#.#.#.......
#g#.#.#.#.#†#.#.#####
#g#.#.#.#.#.##.#
#g#.#)#.#.#)#.#
#@#.#.#.#.#.......
#g#.#...#.#.#.#####
..#.#.....#.##.#
...#.#.#...#.#.#.#
#.#.#.#.#.#.#.#.##.#
.#.#.#.#.#.#.#.#.#
#.#.#.#.#.#.#.#.##
.#.#.#.#.#.# #.#..
.#.#^#.# #..


You could see an ogre and 4 gnolls.

Vanquished Creatures
  3 adders (D:2)
  A worm (D:2)
  4 bats
  6 endoplasms
  4 giant cockroaches
  3 goblins
  2 hobgoblins (D:1)
  2 quokkas
  2 ball pythons
  4 frilled lizards
  6 kobolds
  2 rats
39 creatures vanquished.

Notes
Turn   | Place    | Note
-------+----------+-------------------------------------------
     0 | D:1      | IdlyInterested the Formicid Fighter began the quest for the
                  | Orb.
     0 | D:1      | Reached XP level 1. HP: 18/18 MP: 1/1
   204 | D:1      | Reached skill level 1 in Stealth
   204 | D:1      | Reached XP level 2. HP: 21/24 MP: 2/2
   276 | D:1      | Noticed a floating eye
   282 | D:1      | Found a faded altar of an unknown god.
   407 | D:1      | Noticed a golden eye
   409 | D:1      | Noticed a shining eye
   409 | D:1      | Noticed a great orb of eyes
   798 | D:1      | Reached XP level 3. HP: 28/29 MP: 3/3
  1875 | D:2      | Reached XP level 4. HP: 31/35 MP: 4/4
  1955 | D:2      | Reached skill level 1 in Evocations
  2366 | D:3      | Noticed an ogre
  2380 | D:3      | Slain by a gnoll

Illustrated notes

Levels and vault maps discovered:
D:1:      onia_arrival_pentagram, layout_loops_ring,
          hellmonk_ecumenical_altar_watching_god, dk_noncrumbling_4
D:2:      kennysheep_big_flooded_room, layout_basic
D:3:      layout_basic, uniq_jessica

Skill      XL: |  1  2  3  4 |
---------------+-------------+-----
Stealth        | 1 2 |  2.0
Short Blades   | 3 |  3.8
Evocations     | 1 |  1.0
Fighting       | |  3.2
Throwing       | |  0.1
Armour         | |  3.2
Shields        | |  4.0

Action                   |  1- 3 |  4- 6 || total
-------------------------+-------+-------++-------
Melee: Rapier            |   116 |    34 ||   150
Throw: Stone             |       |     3 ||     3
  Use: Scroll            |     2 |     1 ||     3
       Potion            |       |     3 ||     3
Armor: Scale mail        |    46 |     7 ||    53
Dodge: Dodged            |    37 |    17 ||    54
Block: Buckler           |    22 |     8 ||    30

Table legend: (Time is in decaauts)
 A = Elapsed time spent in this place.
 B = Non-inter-level travel time spent in this place.
 C = Inter-level travel time spent in this place.
 D = Time resting spent in this place.
 E = Time spent auto-exploring this place.
 F = Levels seen in this place.
 G = Mean time per level.
                   A        B        C        D        E       F      G
               +--------+--------+--------+--------+--------+-----+--------+
         Total |   2393 |   2177 |    216 |    604 |   1127 |   3 |  797.7 |
       Dungeon |   2393 |   2177 |    216 |    604 |   1127 |   3 |  797.7 |
               +--------+--------+--------+--------+--------+-----+--------+

Top non-repeatable levels by time:
     D:2: 1203 daAuts
     D:1: 1117 daAuts
     D:3: 72 daAuts
